AA
CALGARY COWBOYS @ SAN FRANCISCO SEALS
09/22/2059
 
TOP OF THE 1ST
Calgary Cowboys batting - Pitching for San Francisco Seals : RHP Billy Rode
Pitching: RHP Billy Rode
Batting: LHB Stavian Adjeng 0-0: SINGLE (Line Drive, 8LS, EV 91.9 MPH)
Batting: RHB M.J. McCaslin 0-0: Called Strike
0-1: Called Strike
0-2: Ball
Wild Pitch!
Stavian Adjeng to second
1-2: Strikes out swinging
Batting: LHB Evan Dollar 0-0: Called Strike
0-1: Ball
1-1: Ball
2-1: SINGLE (Groundball, 6MD, EV 110.0 MPH)
Stavian Adjeng to third
Runner from 3rd tries for Home, SAFE, throw by CF to home
Batting: LHB Wyatt Ludwig 0-0: Ball
Evan Dollar steals 2nd base
1-0: Ball
2-0: Foul Ball, location: 2F
2-1: Foul Ball, location: 2F
2-2: Fly out, F3 (Line Drive, 3L, EV 73.8 MPH)
Batting: SHB Blake Humphrey 0-0: Called Strike
0-1: Ball
1-1: Ball
2-1: Foul Ball, location: 2F
2-2: Foul Ball, location: 2F
2-2: SINGLE (Line Drive, 6D, EV 104.4 MPH)
Evan Dollar to third
Runner from 3rd tries for Home, SAFE, throw by CF to home
Batting: RHB Jeff DeLong 0-0: Ball
1-0: Ball
2-0: Fly out, F8 (Flyball, 8RM, EV 77.5 MPH)
Top of the 1st over - 2 runs, 3 hits, 0 errors, 1 left on base; Calgary 2 - San Francisco 0
BOTTOM OF THE 1ST
San Francisco Seals batting - Pitching for Calgary Cowboys : RHP Ralph Michelson
Pitching: RHP Ralph Michelson
Batting: SHB Irv Macura 0-0: Called Strike
0-1: Ball
1-1: Called Strike
1-2: Foul Ball, location: 2F
1-2: Ball
2-2: Ball
3-2: Foul Ball, location: 2F
3-2: Strikes out swinging
Batting: RHB Devon Roberson 0-0: Fly out, F8 (Flyball, 8LD, EV 94.4 MPH)
Batting: RHB Landon Dyer 0-0: Ball
1-0: DOUBLE (Line Drive, 78M, EV 109.4 MPH)
Batting: LHB Kurtis Schell 0-0: Called Strike
0-1: Swinging Strike
0-2: Reached on error, E4 (Groundball, 4, EV 103.8 MPH)
Landon Dyer to third
Batting: RHB Kyle Phipps 0-0: Reached on error, E4 (Groundball, 34S, EV 81.9 MPH)
Landon Dyer scores
Kurtis Schell to second
Batting: LHB Brian Kohman 0-0: Called Strike
0-1: Swinging Strike
0-2: Foul Ball, location: 2F
0-2: Strikes out swinging
Bottom of the 1st over - 1 run, 1 hit, 2 errors, 2 left on base; Calgary 2 - San Francisco 1
TOP OF THE 2ND
Calgary Cowboys batting - Pitching for San Francisco Seals : RHP Billy Rode
Batting: LHB Stoney Ljungdahl 0-0: Called Strike
0-1: Ground out 6-3 (Groundball, 56, EV 102.5 MPH)
Batting: RHB Houston Abercrombie 0-0: Ball
1-0: Called Strike
1-1: Ball
2-1: Called Strike
2-2: SINGLE (Groundball, 4MD, EV 95.6 MPH)
Batting: RHB Lanny Suharto 0-0: Foul Ball, location: 2F
0-1: Foul Ball, location: 2F
0-2: Ball
1-2: Ball
2-2: Grounds into double play, 4-6-3 (Groundball, 4, EV 106.2 MPH)
Top of the 2nd over - 0 runs, 1 hit, 0 errors, 0 left on base; Calgary 2 - San Francisco 1
BOTTOM OF THE 2ND
San Francisco Seals batting - Pitching for Calgary Cowboys : RHP Ralph Michelson
Batting: RHB Colby Caudill 0-0: Ball
1-0: Called Strike
1-1: Swinging Strike
1-2: Foul Ball, location: 2F
1-2: Fly out, F3 (Popup, 3F, EV 60.6 MPH)
Batting: LHB Cullen Bradford 0-0: Foul Ball, location: 2F
0-1: Fly out, F8 (Flyball, 8RD, EV 101.9 MPH)
Batting: RHB Simon Moody 0-0: Ball
1-0: Foul Ball, location: 2F
1-1: Foul Ball, location: 2F
1-2: Strikes out swinging
Bottom of the 2nd over - 0 runs, 0 hits, 0 errors, 0 left on base; Calgary 2 - San Francisco 1
TOP OF THE 3RD
Calgary Cowboys batting - Pitching for San Francisco Seals : RHP Billy Rode
Batting: LHB Stavian Adjeng 0-0: Ball
1-0: Ball
2-0: Called Strike
2-1: Swinging Strike
2-2: Foul Ball, location: 2F
2-2: Strikes out swinging
Batting: RHB M.J. McCaslin 0-0: Called Strike
0-1: Called Strike
0-2: Ball
1-2: Foul Ball, location: 2F
1-2: Ball
2-2: Ball
3-2: Foul Ball, location: 2F
3-2: Strikes out swinging
Batting: LHB Evan Dollar 0-0: Foul Ball, location: 2F
0-1: Swinging Strike
0-2: Ball
1-2: Strikes out swinging
Top of the 3rd over - 0 runs, 0 hits, 0 errors, 0 left on base; Calgary 2 - San Francisco 1
BOTTOM OF THE 3RD
San Francisco Seals batting - Pitching for Calgary Cowboys : RHP Ralph Michelson
Batting: SHB Irv Macura 0-0: Ball
1-0: Ball
2-0: Ball
3-0: Called Strike
3-1: Foul Ball, location: 2F
3-2: Foul Ball, location: 2F
3-2: Foul Ball, location: 2F
3-2: Ground out 4-3 (Groundball, 4D, EV 85.6 MPH)
Batting: RHB Devon Roberson 0-0: Called Strike
0-1: Ball
1-1: Fly out, F8 (Flyball, 8RD, EV 95.0 MPH)
Batting: RHB Landon Dyer 0-0: Ball
1-0: Ball
2-0: Ball
3-0: Called Strike
3-1: Swinging Strike
3-2: Foul Ball, location: 2F
3-2: Fly out, F7 (Flyball, 7LS, EV 91.2 MPH)
Bottom of the 3rd over - 0 runs, 0 hits, 0 errors, 0 left on base; Calgary 2 - San Francisco 1
TOP OF THE 4TH
Calgary Cowboys batting - Pitching for San Francisco Seals : RHP Billy Rode
Batting: LHB Wyatt Ludwig 0-0: Foul Ball, location: 2F
0-1: Foul Ball, location: 2F
0-2: Ball
1-2: Fly out, F9 (Flyball, 9LM, EV 85.0 MPH)
Batting: SHB Blake Humphrey 0-0: Ball
1-0: Called Strike
1-1: Foul Ball, location: 2F
1-2: Ball
2-2: Strikes out looking
Batting: RHB Jeff DeLong 0-0: Swinging Strike
0-1: Foul Ball, location: 2F
0-2: Ball
1-2: Ball
2-2: Foul Ball, location: 2F
2-2: Ball
3-2: Ground out 4-3 (Groundball, 4, EV 110.0 MPH)
Top of the 4th over - 0 runs, 0 hits, 0 errors, 0 left on base; Calgary 2 - San Francisco 1
BOTTOM OF THE 4TH
San Francisco Seals batting - Pitching for Calgary Cowboys : RHP Ralph Michelson
Batting: LHB Kurtis Schell 0-0: Ball
1-0: Called Strike
1-1: Foul Ball, location: 2F
1-2: Ball
2-2: Ball
3-2: Base on Balls
Batting: RHB Kyle Phipps 0-0: Ball
1-0: Ball
Kurtis Schell steals 2nd base
2-0: Foul Ball, location: 2F
2-1: Ground out U3 (Groundball, 34, EV 84.4 MPH)
Kurtis Schell to third
Batting: LHB Brian Kohman 0-0: Called Strike
0-1: Ball
1-1: Ground out 5-3 (Groundball, 5S, EV 62.5 MPH)
Batting: RHB Colby Caudill 0-0: Ball
1-0: SINGLE (Flyball, 89S, EV 97.5 MPH)
Kurtis Schell scores
Batting: LHB Cullen Bradford 0-0: Ball
1-0: Fly out, F8 (Flyball, 8RD, EV 98.1 MPH)
Bottom of the 4th over - 1 run, 1 hit, 0 errors, 1 left on base; Calgary 2 - San Francisco 2
TOP OF THE 5TH
Calgary Cowboys batting - Pitching for San Francisco Seals : RHP Billy Rode
Batting: LHB Stoney Ljungdahl 0-0: Foul Ball, location: 2F
0-1: Called Strike
0-2: Foul Ball, location: 2F
0-2: Strikes out swinging
Pitching: RHP Jeremy Fritzinger
Batting: RHB Houston Abercrombie 0-0: Ball
1-0: Called Strike
1-1: Foul Ball, location: 2F
1-2: Ball
2-2: Ground out 6-3 (Groundball, 6M, EV 91.9 MPH)
Batting: RHB Lanny Suharto 0-0: Ball
1-0: Ground out 4-3 (Groundball, 4, EV 93.1 MPH)
Top of the 5th over - 0 runs, 0 hits, 0 errors, 0 left on base; Calgary 2 - San Francisco 2
BOTTOM OF THE 5TH
San Francisco Seals batting - Pitching for Calgary Cowboys : RHP Ralph Michelson
Batting: RHB Simon Moody 0-0: Ball
1-0: SINGLE (Groundball, 56D, EV 106.9 MPH)
Batting: SHB Irv Macura 0-0: Bunted foul
0-1: Bunted foul
0-2: Fly out, F9 (Flyball, 9LS, EV 91.9 MPH)
Batting: RHB Devon Roberson 0-0: Ball
1-0: Ball
2-0: Fly out, F8 (Flyball, 8LD, EV 93.8 MPH)
Batting: RHB Landon Dyer 0-0: Ball
1-0: SINGLE (Line Drive, 8LS, EV 106.2 MPH)
Simon Moody to second
Batting: LHB Kurtis Schell 0-0: Ball
1-0: Foul Ball, location: 2F
1-1: Foul Ball, location: 2F
1-2: Ball
2-2: Ground out U3 (Groundball, 3S, EV 88.8 MPH)
Bottom of the 5th over - 0 runs, 2 hits, 0 errors, 2 left on base; Calgary 2 - San Francisco 2
TOP OF THE 6TH
Calgary Cowboys batting - Pitching for San Francisco Seals : RHP Jeremy Fritzinger
Batting: LHB Stavian Adjeng 0-0: Ball
1-0: Fly out, F9 (Line Drive, 9LD, EV 89.4 MPH)
Batting: RHB M.J. McCaslin 0-0: Swinging Strike
0-1: Fly out, F8 (Line Drive, 8RM, EV 88.8 MPH)
Batting: LHB Evan Dollar 0-0: Called Strike
0-1: SINGLE (Groundball, 34D, EV 99.4 MPH)
Batting: LHB Wyatt Ludwig 0-0: Ball
1-0: Ball
2-0: Ball
3-0: Base on Balls
Evan Dollar to second
Batting: SHB Blake Humphrey 0-0: Swinging Strike
0-1: Foul Ball, location: 2F
0-2: Strikes out swinging passed ball, reaches first!
Evan Dollar to third
Wyatt Ludwig to second
Batting: RHB Jeff DeLong 0-0: Swinging Strike
0-1: Called Strike
0-2: Ball
1-2: Ground out 5-3 (Groundball, 56, EV 103.1 MPH)
Top of the 6th over - 0 runs, 1 hit, 0 errors, 3 left on base; Calgary 2 - San Francisco 2
BOTTOM OF THE 6TH
San Francisco Seals batting - Pitching for Calgary Cowboys : RHP Ralph Michelson
Batting: RHB Kyle Phipps 0-0: Ground out 4-3 (Groundball, 4S, EV 68.8 MPH)
Batting: LHB Brian Kohman 0-0: Called Strike
0-1: Ball
1-1: Ball
2-1: SOLO HOME RUN (Flyball, 89XD, EV 105.0 MPH), Distance : 395 ft
Batting: RHB Colby Caudill 0-0: Swinging Strike
0-1: Swinging Strike
0-2: Ball
1-2: Ball
2-2: Strikes out swinging
Batting: LHB Cullen Bradford 0-0: Swinging Strike
0-1: Ball
1-1: Ball
2-1: Foul Ball, location: 2F
2-2: Ground out 1-3 (Groundball, 15S, EV 67.5 MPH)
Bottom of the 6th over - 1 run, 1 hit, 0 errors, 0 left on base; Calgary 2 - San Francisco 3
TOP OF THE 7TH
Calgary Cowboys batting - Pitching for San Francisco Seals : RHP Jeremy Fritzinger
Batting: LHB Stoney Ljungdahl 0-0: Ball
1-0: Called Strike
1-1: Called Strike
1-2: Strikes out swinging
Batting: RHB Houston Abercrombie 0-0: Ball
1-0: Ball
2-0: Ground out 3-1 (Groundball, 34, EV 100.0 MPH)
Batting: RHB Lanny Suharto 0-0: Called Strike
0-1: Ball
1-1: Ball
2-1: Ground out 6-3 (Groundball, 6, EV 103.1 MPH)
Top of the 7th over - 0 runs, 0 hits, 0 errors, 0 left on base; Calgary 2 - San Francisco 3
BOTTOM OF THE 7TH
San Francisco Seals batting - Pitching for Calgary Cowboys : RHP Ralph Michelson
Batting: RHB Simon Moody 0-0: Swinging Strike
0-1: Ball
1-1: Called Strike
1-2: Fly out, F8 (Line Drive, 8LM, EV 85.6 MPH)
Batting: SHB Irv Macura 0-0: Called Strike
0-1: Swinging Strike
0-2: Strikes out swinging
Batting: RHB Devon Roberson 0-0: Called Strike
0-1: Fly out, F7 (Flyball, 7, EV 78.8 MPH)
Bottom of the 7th over - 0 runs, 0 hits, 0 errors, 0 left on base; Calgary 2 - San Francisco 3
TOP OF THE 8TH
Calgary Cowboys batting - Pitching for San Francisco Seals : RHP Jeremy Fritzinger
Batting: LHB Stavian Adjeng 0-0: Called Strike
0-1: Foul Ball, location: 2F
0-2: Strikes out swinging
Pinch Hitting: LHB Isaac Luo 0-0: Swinging Strike
0-1: Ball
1-1: DOUBLE (Line Drive, 89XD, EV 98.8 MPH)
Pitching: LHP Elliot Denton
Batting: LHB Evan Dollar 0-0: Ball
1-0: Foul Ball, location: 2F
1-1: Fly out, F9 (Line Drive, 9, EV 107.5 MPH)
Batting: LHB Wyatt Ludwig 0-0: Called Strike
0-1: Ball
1-1: Called Strike
1-2: Foul Ball, location: 2F
1-2: Strikes out looking
Top of the 8th over - 0 runs, 1 hit, 0 errors, 1 left on base; Calgary 2 - San Francisco 3
BOTTOM OF THE 8TH
San Francisco Seals batting - Pitching for Calgary Cowboys : RHP Ralph Michelson
Now at 2B: Steve Palavandishvili
Batting: RHB Landon Dyer 0-0: Ball
1-0: Swinging Strike
1-1: Foul Ball, location: 2F
1-2: Ground out 1-3 (Groundball, P, EV 74.4 MPH)
Batting: LHB Kurtis Schell 0-0: Ball
1-0: Ball
2-0: Called Strike
2-1: Foul Ball, location: 2F
2-2: SOLO HOME RUN (Flyball, 7D, EV 98.1 MPH), Distance : 378 ft
Batting: RHB Kyle Phipps 0-0: Called Strike
0-1: Ball
1-1: Ball
2-1: Foul Ball, location: 2F
2-2: Ball
3-2: Base on Balls
Pitching: LHP Dalton Malcolm
Batting: LHB Brian Kohman 0-0: Foul Ball, location: 2F
0-1: Foul Ball, location: 2F
0-2: Foul Ball, location: 2F
0-2: Ball
1-2: Fly out, F8 (Flyball, 8LXD, EV 86.2 MPH)
Batting: RHB Colby Caudill 0-0: Called Strike
0-1: Ball
Kyle Phipps is caught stealing 2nd base 2-4
Bottom of the 8th over - 1 run, 1 hit, 0 errors, 0 left on base; Calgary 2 - San Francisco 4
TOP OF THE 9TH
Calgary Cowboys batting - Pitching for San Francisco Seals : LHP Elliot Denton
Pitching: RHP Keegan Orman
Now at 2B: Cameron Allen
Now at SS: Cullen Bradford
Batting: SHB Blake Humphrey 0-0: Ball
1-0: Swinging Strike
1-1: Ball
2-1: Foul Ball, location: 2F
2-2: Strikes out swinging
Batting: RHB Jeff DeLong 0-0: Ball
1-0: Ball
2-0: Ball
3-0: Base on Balls
Batting: LHB Stoney Ljungdahl 0-0: Ball
1-0: Called Strike
1-1: Ball
2-1: Ball
3-1: Swinging Strike
3-2: Foul Ball, location: 2F
3-2: Foul Ball, location: 2F
3-2: Base on Balls
Jeff DeLong to second
Batting: RHB Houston Abercrombie 0-0: Called Strike
0-1: Ball
1-1: Grounds into double play, 5-4-3 (Groundball, 5S, EV 87.5 MPH)
Top of the 9th over - 0 runs, 0 hits, 0 errors, 1 left on base; Calgary 2 - San Francisco 4
Thursday, April 4th , 2024 - OOTP Baseball 23.10 Build 110